 Dungeon Crawl Stone Soup version 0.31-a0-1499-ge0622b2318 (webtiles) character file.

Game seed: 10308475027443996945

6800 jasper the Fighter (level 10, -4/85 HPs)
             Began as a Demonspawn Cinder Acolyte on Dec 29, 2023.
             Was a Follower of Ignis.
             Slain by a killer bee (7 damage)
             ... on level 9 of the Dungeon.
             The game lasted 00:11:00 (7476 turns).

jasper the Fighter (Demonspawn Cinder Acolyte)      Turns: 7476, Time: 00:11:00

Health: -4/85      AC: 17    Str: 18    XL:     10   Next: 76%
Magic:  11/11      EV: 11    Int: 16    God:    Ignis [*.....]
Gold:   234        SH:  0    Dex: 10    Spells: 11/11 levels left

rFire   + .          .
                       - Unarmed
rCold   . . .        (no shield)
rNeg    + + .        k - +4 robe "Lesytt" {rN++}
rPois   .            (helmet restricted)
rElec   .            (no cloak)
rCorr   .            (no gloves)
SInv    .            (no boots)
Will    .....        x - amulet of regeneration
Stlth   +            g - +4 ring of slaying
HPRegen 1.14/turn    C - +4 ring of protection
MPRegen 0.12/turn

%: no passive effects
@: lethally poisoned (-4 -> -12), fiery-armoured
A: antennae 1, powered by death 1, powered by pain 3, big brain 1
a: Renounce Religion, Fiery Armour, Foxfire Swarm, Rising Flame


You were on level 9 of the Dungeon.
You worshipped Ignis.
Ignis was aware of your devotion.
You visited 1 branch of the dungeon, and saw 9 of its levels.

You collected 594 gold pieces.
You spent 360 gold pieces at shops.

Inventory:

Missiles
 d - 115 stones
 m - 37 poisoned darts (quivered)
 t - 4 javelins
Armour
 a - a +1 robe
 k - the +4 robe "Lesytt" (worn) {rN++}
   (You found it on level 2 of the Dungeon)

   rN++:      It greatly protects you from negative energy.
 D - an orb of mayhem
 I - the +1 chain mail of the Black Moon {Harm rC+}
   (You found it on level 9 of the Dungeon)

   rC+:       It protects you from cold.
   Harm:      It increases damage dealt and taken.
Jewellery
 g - a +4 ring of slaying (left hand)
 h - a ring of protection from fire
 u - a ring of willpower
 x - an amulet of regeneration (around neck)
 C - a +4 ring of protection (right hand)
 E - a +6 ring of dexterity
Talismans
 o - a maw talisman
 q - a serpent talisman
Wands
 r - a wand of roots (14)
 y - a wand of paralysis (9)
 B - a wand of digging (8)
Scrolls
 i - 2 scrolls of fog
 l - 5 scrolls of teleportation
 s - a scroll of silence
 A - a scroll of identify
 F - a scroll of fear
 H - a scroll of enchant weapon
 J - a scroll of enchant armour
Potions
 b - 2 potions of attraction
 c - a potion of magic
 e - 11 potions of curing
 f - 2 potions of heal wounds
 j - 2 potions of degeneration
 n - 2 potions of ambrosia
 p - a potion of haste
 v - a potion of resistance
 w - a potion of enlightenment
 z - 2 potions of might
 G - a potion of cancellation


   Skills:
 - Level 10.0 Fighting
 - Level 1.0 Dodging
 - Level 10.0 Unarmed Combat
 - Level 1.0 Spellcasting
 - Level 2.6 Fire Magic
 + Level 7.2 Shapeshifting


You had 11 spell levels left.
You didn't know any spells.
Your spell library contained the following spells:

 Spells                   Type           Power      Damage    Failure   Level
 Scorch                   Fire           18%        2d5       12%         2
 Ensorcelled Hibernation  Hex/Ice        0%         N/A       34%         2
 Call Canine Familiar     Summ           0%         N/A       56%         3
 Frozen Ramparts          Ice            0%         1d1       56%         3
 Hailstorm                Conj/Ice       0%         3d5       56%         3
 Passwall                 Erth           0%         N/A       56%         3
 Sigil of Binding         Hex            0%         N/A       56%         3
 Summon Ice Beast         Ice/Summ       0%         N/A       56%         3
 Swiftness                Air            0%         N/A       56%         3
 Dimensional Bullseye     Hex/Tloc       0%         N/A       92%         4
 Leda's Liquefaction      Alch/Erth      0%         N/A       92%         4
 Petrify                  Alch/Erth      0%         N/A       92%         4
 Iskenderun's Battlesphe  Conj           0%         2d6       99%         5
 Metabolic Englaciation   Hex/Ice        0%         N/A       99%         5
 Bombard                  Conj/Erth      0%         9d1       100%        6
 Sculpt Simulacrum        Ice/Alch       0%         N/A       100%        6
 Spellforged Servitor     Conj/Summ      0%         N/A       100%        7


Dungeon Overview and Level Annotations

Branches:
Dungeon (9/15)             Temple (0/1) D:6
   Lair: D:8-11         Orc: D:9-12

Altars:
Ashenzari
Cheibriados
Fedhas
Gozag
Makhleb
Sif Muna
Vehumet
Wu Jian
Yredelemnul

Shops:
D:4 :=:(*   D:8 (

Annotations:
D:8 3 runed translucent doors, SecretSquirrel's ghost, novice DsGl


Innate Abilities, Weirdness & Mutations

You have a pair of small antennae on your head.
You regenerate a little health from kills.
You are powered by pain.
You have an unusually large brain. (Int +2)


Message History

* * * LOW HITPOINT WARNING * * *
The killer bee is burned by your cloak of flames.
The killer bee is lightly wounded.
The killer bee stings you.
* * * LOW HITPOINT WARNING * * *
The killer bee closely misses you. x2; The killer bee barely misses you.
The killer bee completely misses you. The killer bee closely misses you.
The queen bee calls on the killer bee to defend it!
The killer bee goes berserk!
The queen bee calls on the killer bee to defend it!
The killer bee goes berserk!
You take 6 damage, and have 22/85 hp.
You feel very sick. The killer bee stings you.
* * * LOW HITPOINT WARNING * * *
You are more poisoned.
The killer bee poisons you!
The killer bee is burned by your cloak of flames.
The killer bee is moderately wounded.
The killer bee attacks as it pursues you!
The killer bee stings you but does no damage.
The killer bee is burned by your cloak of flames.
The killer bee is severely wounded.
The killer bee stings you!
* * * LOW HITPOINT WARNING * * *
The killer bee is burned by your cloak of flames.
The killer bee is moderately wounded.
The killer bee closely misses you. x2
The killer bee stings you but does no damage.
The killer bee is burned by your cloak of flames.
The killer bee is severely wounded.
You take 15 damage, and have 7/85 hp.
* * * LOW HITPOINT WARNING * * *
You feel very sick.
The killer bee rages.
The killer bee stings you but does no damage.
The killer bee is burned by your cloak of flames.
The killer bee is heavily wounded.
The killer bee stings you!
You die...

#####+####..........##
#.....
#.......#..#........#
#.....
#.......#.##........#
#.....
'.......'.##........#
#.....
#.....†.####........#
###..... #.......#
#........######.'...<.
#.......#
#...............#.....
####'####
#........########.....
#..# ####y@.### ######
##'##### ##..y#####
#......# #..yy...)#
##......# #...y....#
.'......# #........#
##......# +........#
##......# #..........
##......+ #...........
##......# #......^....


You could see a queen bee and 4 killer bees.

Vanquished Creatures
  A troll (D:9)
  2 hornets (D:9)
  A shadow (D:9)
  A vampire (D:9)
  11 yaks
  Duvessa (D:7)
  2 water moccasins
  A sky beast (D:6)
  An orc warrior (D:6)
  3 ice beasts (D:6)
  2 ogres
  2 centaurs
  A phantom (D:6)
  3 kobold brigands
  3 bullfrogs
  3 scorpions
  6 wights
  Dowan (D:7)
  28 killer bees
  A howler monkey (D:9)
  2 bombardier beetles
  2 jellies
  3 hounds
  A gnoll bouda (D:5)
  4 sleepcaps
  5 iguanas
  Natasha (thrice) (D:2)
  4 orc wizards
  4 gnolls (D:5)
  9 adders
  A ribbon worm (D:3)
  A white imp (D:6)
  2 dart slugs (D:5)
  15 orcs
  6 endoplasms
  A giant cockroach (D:1)
  10 goblins
  7 hobgoblins
  4 jackals (D:1)
  5 quokkas
  15 ball pythons
  2 bats
  8 frilled lizards
  21 kobolds
  5 rats
214 creatures vanquished.

Notes
Turn   | Place    | Note
-------+----------+-------------------------------------------
     0 | D:1      | jasper the Demonspawn Cinder Acolyte began the quest for
                  | the Orb.
     0 | D:1      | Reached XP level 1. HP: 18/18 MP: 2/2
   161 | D:1      | Gained mutation: You have a pair of small antennae on your
                  | head. [demonic ancestry]
   161 | D:1      | Reached XP level 2. HP: 15/24 MP: 3/3
   610 | D:1      | Reached skill level 1 in Dodging
   710 | D:1      | Reached XP level 3. HP: 29/29 MP: 4/4
  1390 | D:2      | Gained mutation: You regenerate a little health from kills.
                  | [demonic ancestry]
  1390 | D:2      | Reached XP level 4. HP: 36/36 MP: 5/5
  1431 | D:2      | Noticed Natasha
  1444 | D:2      | Killed Natasha
  1466 | D:2      | Identified the +4 robe "Lesytt" {rN++}
  1576 | D:2      | Noticed Natasha
  1585 | D:2      | Killed Natasha
  1586 | D:2      | Gained mutation: You sometimes gain a little power by
                  | taking damage. [demonic ancestry]
  1586 | D:2      | Reached XP level 5. HP: 27/42 MP: 6/6
  1649 | D:2      | Found a snail-covered altar of Cheibriados.
  1709 | D:2      | Noticed Natasha
  1718 | D:2      | Killed Natasha
  1941 | D:2      | Found a faded altar of an unknown god.
  2348 | D:3      | You fall into a shaft and drop 1 floor!
  2348 | D:4      | Found a faded altar of an unknown god.
  2348 | D:4      | Found a shimmering blue altar of Sif Muna.
  2361 | D:4      | Found an opulent altar of Gozag.
  2364 | D:4      | Found Xetzeud's Book Boutique.
  2403 | D:4      | Found Qidoz's Book Emporium.
  2408 | D:4      | Noticed an ogre
  2417 | D:4      | Killed an ogre
  2418 | D:4      | Reached skill level 5 in Unarmed Combat
  2418 | D:4      | Gained mutation: You sometimes gain power by taking damage.
                  | [demonic ancestry]
  2418 | D:4      | Reached XP level 6. HP: 34/49 MP: 7/7
  2498 | D:4      | Found Liohyw's Jewellery Boutique.
  3100 | D:4      | Reached skill level 5 in Fighting
  3169 | D:4      | Identified the +7 war axe of Dismemberment {vamp, Str+4
                  | Int+4 Dex-2 SInv}
  3343 | D:4      | Found a broken altar of Ashenzari.
  3457 | D:4      | Found Foquy's Weapon Shoppe.
  3466 | D:4      | Found Zeeclej's General Store.
  3745 | D:5      | Entered Level 5 of the Dungeon
  3777 | D:5      | Reached XP level 7. HP: 18/56 MP: 8/8
  4512 | D:6      | Gained mutation: You are powered by pain. [demonic
                  | ancestry]
  4512 | D:6      | Reached XP level 8. HP: 65/65 MP: 9/9
  4620 | D:6      | Found a staircase to the Ecumenical Temple.
  4725 | D:6      | Found a radiant altar of Vehumet.
  4812 | D:6      | Reached XP level 9. HP: 75/75 MP: 10/10
  4882 | D:4      | Bought a +4 ring of protection for 360 gold pieces
  5710 | D:7      | Noticed Duvessa
  5712 | D:7      | Noticed Dowan
  5723 | D:7      | Killed Duvessa
  5723 | D:7      | Killed Dowan
  6178 | D:8      | Reached skill level 10 in Fighting
  6391 | D:8      | Found an ornate altar of the Wu Jian Council.
  6583 | D:8      | Found a runed translucent gate.
  6583 | D:8      | Found a runed translucent gate.
  6583 | D:8      | Noticed SecretSquirrel's ghost (novice DsGl)
  6584 | D:8      | Found a runed translucent gate.
  6585 | D:8      | Found Cuveb's Weapon Shoppe.
  6647 | D:9      | Reached skill level 10 in Unarmed Combat
  6647 | D:9      | Reached skill level 1 in Shapeshifting
  6721 | D:9      | Gained mutation: You have an unusually large brain. (Int
                  | +2) [demonic ancestry]
  6721 | D:9      | Reached XP level 10. HP: 80/85 MP: 11/11
  6999 | D:9      | Identified the +1 chain mail of the Black Moon {Harm rC+}
  7096 | D:9      | Reached skill level 5 in Shapeshifting
  7267 | D:9      | Found a burning altar of Makhleb.
  7402 | D:9      | Found a blossoming altar of Fedhas.
  7418 | D:9      | Found a basalt altar of Yredelemnul.
  7476 | D:9      | HP: 3/85 [poisoned by a killer bee]
  7476 | D:9      | Slain by a killer bee

Illustrated notes

Levels and vault maps discovered:
D:1:      dpeg_arrival_oval, layout_basic, minmay_misc_feat_pillars
D:2:      layout_rooms, basic_altar, dreamdust_ecumenical_altar_statues,
          minmay_misc_feat_secret_circle, grunt_decor_arrowhead, uniq_natasha
D:3:      layout_rooms, minmay_pentangle
D:4:      minmay_evil_eye, layout_basic, chequers_temple_overflow_minitemple,
          serial_shops, shop, shop, nicolae_square_shop, shop,
          nicolae_shop_tiny_glass
D:5:      layout_rooms, kennysheep_little_box
D:6:      hangedman_cross_stitches, layout_loops_ring,
          nicolae_vehumet_altar_sigil, minmay_temple_entry_slanted
D:7:      layout_cave_pods, minmay_misc_feat_hallway, uniq_duvessa
D:8:      layout_rooms, nicolae_wu_jian_immortal_techniques,
          ebering_ghost_rock_garden, serial_shops,
          nicolae_shop_advertising_works [nicolae_subvault_shop_adworks],
          hangedman_decor_push
D:9:      layout_roguey, mainiacjoe_overflow_alcove_2, jmf_multi_god_temple2,
          special_room [special_room_bee], minmay_variable_closet

Skill      XL: |  1  2  3  4  5  6  7  8  9 10 |
---------------+-------------------------------+-----
Unarmed Combat | 3 4 5 6 8 10 | 10.0
Dodging        | 1 |  1.0
Fighting       | 4 5 6 8 10 | 10.0
Shapeshifting  | 2 7 |  7.2
Spellcasting   | |  1.0
Fire Magic     | |  2.6

Action                     |  1- 3 |  4- 6 |  7- 9 | 10-12 || total
---------------------------+-------+-------+-------+-------++-------
  Melee: Unarmed           |   133 |   118 |   257 |   141 ||   649
         Punch             |     1 |     6 |    17 |     5 ||    29
  Throw: Dart              |       |     4 |     1 |       ||     5
 Invoke: Fiery Armour      |     1 |     2 |     5 |     3 ||    11
Ability: Begin Untransform |       |     1 |       |       ||     1
    Use: Scroll            |     3 |    11 |     8 |       ||    22
         Potion            |       |     1 |     2 |       ||     3
 Armour: Robe              |    84 |    54 |   188 |   145 ||   471
  Dodge: Dodged            |    75 |    52 |   158 |   114 ||   399
   Form: Maw               |       |     1 |       |       ||     1

Table legend: (Time is in decaauts)
 A = Elapsed time spent in this place.
 B = Non-inter-level travel time spent in this place.
 C = Inter-level travel time spent in this place.
 D = Time resting spent in this place.
 E = Time spent auto-exploring this place.
 F = Levels seen in this place.
 G = Mean time per level.
                   A        B        C        D        E       F      G
               +--------+--------+--------+--------+--------+-----+--------+
         Total |   7396 |   7014 |    382 |    115 |   5200 |   9 |  821.8 |
       Dungeon |   7396 |   7014 |    382 |    115 |   5200 |   9 |  821.8 |
               +--------+--------+--------+--------+--------+-----+--------+

Top non-repeatable levels by time:
     D:1: 1304 daAuts
     D:4: 1080 daAuts
     D:7: 836 daAuts
     D:9: 808 daAuts
     D:6: 781 daAuts
     D:3: 697 daAuts
     D:5: 694 daAuts
     D:2: 661 daAuts
     D:8: 531 daAuts
